 Dungeon Crawl Stone Soup version 0.28-a0-1033-g1a2f33fa85 (webtiles) character file.

Game seed: 8833404131644059594

40 gimp the Digger (level 3, -1/26 HPs)
             Began as a Demigod Earth Elementalist on Dec 7, 2021.
             Killed by divine providence
             ... invoked by an orc priest
              (15 damage)
             ... on level 3 of the Dungeon.
             The game lasted 00:03:18 (1920 turns).

gimp the Digger (Demigod Earth Elementalist)        Turns: 1920, Time: 00:03:18

Health: -1/26      AC:  2    Str:  9    XL:     3   Next: 14%
Magic:  9/9        EV: 12    Int: 21    God:
Gold:   39         SH:  0    Dex: 14    Spells: 3/7 levels left

rFire   . . .      SeeInvis .   a - +2 dagger (venom)
rCold   . . .      Faith    .   (no shield)
rNeg    + . .      Spirit   .   b - +0 robe
rPois   .          Reflect  .   (no helmet)
rElec   .          Harm     .   (no cloak)
rCorr   .          Rampage  .   (no gloves)
Will    .....                   (no boots)
Stlth   ++........              (no amulet)
HPRegen 0.08/turn               g - ring of positive energy
MPRegen 0.11/turn               (no ring)

@: no status effects
A: high mp 1, forlorn, divine attributes
a: no special abilities


You were on level 3 of the Dungeon.
You visited 1 branch of the dungeon, and saw 4 of its levels.

You collected 39 gold pieces.

Inventory:

Hand Weapons
 a - a +2 dagger of venom (weapon)
Missiles
 h - 40 poisoned darts
Armour
 b - a +0 robe (worn)
Magical Staves
 i - a staff of fire
Jewellery
 g - a ring of positive energy (left hand)
Scrolls
 d - a scroll of vulnerability
 e - a scroll of fear
 f - a scroll of identify
Potions
 c - a potion of might {unknown}
 j - a potion of curing {unknown}
 k - a potion of heal wounds {unknown}


   Skills:
 - Level 1.7 Dodging
 - Level 1.7 Stealth
 + Level 2.5 Spellcasting
 * Level 0.2 Conjurations
 - Level 0.8 Transmutations
 * Level 3.4 Earth Magic


You had 3 spell levels left.
You knew the following spells:

 Your Spells              Type           Power      Damage    Failure   Level
a - Sandblast             Erth           34%        2d9       3%          1
b - Stone Arrow           Conj/Erth      20%        3d8       21%         3

Your spell library contained the following spells:

 Spells                   Type           Power      Damage    Failure   Level
 Passwall                 Tmut/Erth      9%         N/A       9%          2
 Petrify                  Tmut/Erth      11%        N/A       50%         4


Dungeon Overview and Level Annotations

Branches:
Dungeon (4/15)
 Temple: D:4-7

Annotations:
D:2 1 runed translucent door, exclusion: door, Crazy Yiuf


Innate Abilities, Weirdness & Mutations

You have an increased reservoir of magic. (+10% MP)
You shall have no god before yourself.
Your divine heritage dramatically boosts your attributes as you level up.


Message History

The quokka misses you.
You hit the quokka.
You kill the quokka!
No target in view!
HP restored.
A rat comes into view.
Health restored: 26 The helpless rat fails to defend itself.
You hit the rat.
You kill the rat!
No target in view!
A hobgoblin comes into view.
A rat comes into view.
The hobgoblin hits you.
You take 3 damage, and have 23/26 hp.
You hit the hobgoblin but do no damage.
The hobgoblin is poisoned.
The hobgoblin closely misses you.
You hit the hobgoblin.
You kill the hobgoblin!
No target in view!
No target in view!
A hobgoblin comes into view.
The rat closely misses you.
You hit the rat.
You kill the rat!
An orc comes into view. It is wielding a +0 club.
The hobgoblin shouts!
The orc shouts!
You hear a shout! x2
You see here a rat corpse.
An orc priest comes into view. It is wielding a +0 dagger.
An orc comes into view. It is wielding a +0 dagger.
The orc moves out of view.
You see here a rat corpse.
The orc priest calls down the wrath of Beogh upon you.
Beogh smites you!
You hear a shout!
You take 10 damage, and have 14/26 hp.
MASSIVE DAMAGE!!
The orc priest calls down the wrath of Beogh upon you.
Beogh smites you!
Ouch! That really hurt!
You die...

#........##.#.###
#.##..#..#......#
########.##..#.....#.#.#
#.........#..#.#...#.#.#
..........#..#.#...#.#.#
..........#..#.#.......#
........###..#.##....###
....................####..#
.........g@†.#.............
#+####+###.###.###....#######
.........o.......+...>.......
######o.......####....#######
#.....##.# #....# .......# .#
#..... ........... # #....#
........##... ......
........# .... .......


You could see an orc priest, an orc and a hobgoblin.

Vanquished Creatures
  2 ball pythons (D:1)
  3 endoplasms (D:1)
  2 giant cockroaches (D:1)
  3 goblins (D:1)
  4 hobgoblins
  2 kobolds
  4 quokkas
  5 bats (D:1)
  A frilled lizard (D:1)
  10 rats
36 creatures vanquished.

Notes
Turn   | Place    | Note
-------+----------+-------------------------------------------
     0 | D:1      | gimp the Demigod Earth Elementalist began the quest for the
                  | Orb.
     0 | D:1      | Reached XP level 1. HP: 14/14 MP: 5/5
   188 | D:1      | Reached skill level 3 in Earth Magic
   344 | D:1      | Reached XP level 2. HP: 20/20 MP: 5/7
  1406 | D:2      | Found a runed translucent door.
  1407 | D:2      | Noticed Crazy Yiuf
  1473 | D:2      | Reached XP level 3. HP: 20/26 MP: 9/9
  1477 | D:2      | Learned a level 3 spell: Stone Arrow
  1551 | D:2      | Noticed a black bear
  1920 | D:3      | Killed from afar by an orc priest

Illustrated notes

Levels and vault maps discovered:
D:1:      minmay_arrival_up_and_down, layout_basic,
          shapermc_ecumenical_altar_pompeii, minmay_rat_gold_closets
D:2:      layout_loops_ring, uniq_natasha, uniq_crazy_yiuf_cottage
D:3:      layout_basic
D:4:      layout_cave_pods, chequers_serial_rivers_small_b

Skill      XL: |  1 |
---------------+----+-----
Spellcasting   | 2 |  2.5
Earth Magic    | 3 |  3.4
Dodging        | |  1.7
Stealth        | |  1.7
Conjurations   | |  0.2
Transmutations | |  0.8

Action                   || total
-------------------------++-------
Melee: Dagger            ||    47
 Cast: Sandblast         ||    30
       Stone Arrow       ||     1
  Use: Scroll            ||     2
 Stab: Sleeping          ||     3
Armor: Robe              ||     6
Dodge: Dodged            ||    26

Table legend: (Time is in decaauts)
 A = Elapsed time spent in this place.
 B = Non-inter-level travel time spent in this place.
 C = Inter-level travel time spent in this place.
 D = Time resting spent in this place.
 E = Time spent auto-exploring this place.
 F = Levels seen in this place.
 G = Mean time per level.
                   A        B        C        D        E       F      G
               +--------+--------+--------+--------+--------+-----+--------+
         Total |   1919 |   1833 |     86 |     50 |   1447 |   4 |  479.8 |
       Dungeon |   1919 |   1833 |     86 |     50 |   1447 |   4 |  479.8 |
               +--------+--------+--------+--------+--------+-----+--------+

Top non-repeatable levels by time:
     D:1: 1144 daAuts
     D:2: 416 daAuts
     D:3: 197 daAuts
     D:4: 161 daAuts
